Unix NetHack Version 3.7.0-62 Work-in-progress - last build Aug 7 2022 04:32:40 (f254b98e4f4e6c2f4e816e90bd3419c5233a8e5f,branch:master). Game began 2022-08-15 19:13:21, ended 2022-08-15 20:04:49. Gilette, chaotic male human Rogue ----- |<..--- ----- |.....---|.... --..|....|.--- --.|-)....---- --|.........[- ----@|....|. h..--..| . |..| %%% --.| .. |.| --- --- Gilette the Rogue St:17 Dx:18 Co:15 In:9 Wi:7 Ch:7 Chaotic Dlvl:6 $:33 HP:0(47) Pw:13(12) AC:6 Xp:6/440 T:2295 Latest messages: You hear crashing rock. You hear a door open. The dungeon acoustics noticeably change. You hear crashing rock. You are carrying too much to get through. You hear crashing rock. You hear crashing rock. The dwarf swings her broad pick. The dwarf misses! You hear some noises. You hit the dwarf. You kill the dwarf! You hear crashing rock. The gnome picks up a hooded cloak. The gnome puts on a hooded cloak. You kill the gnome! There are several objects here. The gnome strikes at your displaced image and misses you! You hit the gnome! The gnome hits! You kill the gnome! You swap places with Nemo. The dungeon acoustics noticeably change. You feel weak! You haven't been exercising properly. You hear crashing rock. Suddenly, a section of the wall closes up! You hear crashing rock. The gnome lord swings his thonged club. The gnome lord hits! The gnome strikes at your displaced image and misses you! You hit the gnome. The gnome strikes at your displaced image and misses you! You kill the gnome! The gnome lord strikes at your displaced image and misses you! You hit the gnome lord. The gnome lord swings his thonged club. The gnome lord hits! You hit the gnome lord! The gnome lord turns to flee. You strike the gnome lord from behind! You kill the gnome lord! s - 13 crossbow bolts. There is a cummy here; eat it? [ynq] (n) y My, this is a yummy cummy! J - 9 crossbow bolts (19 in total). You see here a crossbow. The dwarf zaps a wand of striking! The wand hits you! You die... Major events: Turn 1: Gilette the chaotic male human Rogue entered the dungeon 597: attained the rank of Cutpurse (level 3) 1175: entered the Gnomish Mines 1927: attained the rank of Rogue (level 6) 2295: killed by a wand Inventory: Amulets ('"') l - an uncursed amulet of unchanging (being worn) Weapons (')') D - 13 blessed +1 arrows x - 15 uncursed +0 arrows s - 13 blessed +2 crossbow bolts J - 19 uncursed +0 crossbow bolts K - 5 cursed -1 crossbow bolts v - 20 uncursed +0 darts B - 9 cursed -3 darts E - 6 cursed +0 shuriken b - an uncursed +0 dagger (weapon in hand) g - 12 uncursed +0 daggers (at the ready) t - 4 uncursed +0 daggers r - 4 cursed +0 daggers A - an uncursed +0 elven dagger i - an uncursed +0 orcish dagger a - an uncursed +0 short sword (alternate weapon; not wielded) Armor ('[') u - an uncursed +0 pair of iron shoes p - an uncursed +0 cloak of displacement (being worn) c - an uncursed +1 leather armor (being worn) Comestibles ('%') h - 2 uncursed lichen corpses Scrolls ('?') n - an uncursed scroll of destroy armor G - an uncursed scroll of identify Potions ('!') w - 2 uncursed potions of extra healing o - an uncursed potion of hallucination k - a cursed potion of object detection q - an uncursed potion of oil d - an uncursed potion of sickness Wands ('/') L - an uncursed wand of striking (0:3) Tools ('(') f - an empty uncursed sack e - an uncursed lock pick j - an uncursed oil lamp H - an uncursed wax candle Gems/Stones ('*') I - an uncursed amber stone y - a cursed diamond F - an uncursed worthless piece of green glass z - 2 uncursed worthless pieces of orange glass C - 2 uncursed worthless pieces of violet glass M - an uncursed worthless piece of yellow glass Gilette the Rogue's attributes: Background: You were a Rogue, level 6 male human. You were chaotic, nominally on a mission for Kos who was opposed by Issek (lawful) and Mog (neutral). You were in the Gnomish Mines, on level 6. You entered the dungeon 2295 turns ago. You had 440 experience points, 200 more were needed to attain level 7. Basics: You had 0 out of 47 hit points. You had 13 out of 12 energy points (spell power). Your armor class was 6. Your wallet contained 33 zorkmids. Autopickup was on for '$?!"=/*', with exceptions. Final Characteristics: Your strength was 17 (peak:18, limit:18/100). Your dexterity was 18 (limit:18). Your constitution was 15 (limit:18). Your intelligence was 9 (limit:18). Your wisdom was 7 (limit:18). Your charisma was 7 (limit:18). Final Status: You were not hungry. You were unencumbered. You were wielding a dagger. You were skilled in dagger. Final Attributes: You were piously aligned. You were displaced. You were stealthy. You were warded. You could not change from your current form. You are dead. Miscellaneous: You never encountered a bones level. Total elapsed playing time was 19 minutes and 16 seconds. Vanquished creatures: a shrieker 6 gnome leaders 7 dwarves a kobold leader a giant bat a dwarf zombie an iguana a hobbit a large kobold a giant rat a yellow mold a red mold 27 gnomes 2 geckos 2 jackals 4 kobolds 3 goblins 2 grid bugs 6 lichens 3 newts 72 creatures vanquished. No species were genocided or became extinct. Voluntary challenges: You were an atheist. You read items or engraved 3 times. You never engraved Elbereth. You never genocided any monsters. You never polymorphed an object. You never changed form. You used no wishes. Achievements: You attained the rank of Cutpurse. You entered a shop. You entered the Gnomish Mines. You attained the rank of Rogue. The Dungeons of Doom: levels 1 to 2 Level 1: Level 2: A general store, a fountain. Stairs down to The Gnomish Mines. The Gnomish Mines: levels 3 to 6 Level 3: Level 4: Level 5: Level 6: <- You were here. Final resting place for you, killed by a wand. Game over: ---------- / \ / REST \ / IN \ / PEACE \ / \ | Gilette | | 33 Au | | killed by a wand | | | | | | | | 2022 | *| * * * | * _________)/\\_//(\/(/\)/\//\/|_)_______ Goodbye Gilette the Rogue... You died in The Gnomish Mines on dungeon level 6 with 2040 points, and 33 pieces of gold, after 2295 moves. You were level 6 with a maximum of 47 hit points when you died.